 Dungeon Crawl Stone Soup version 0.17.2-1-ge4368a0 (webtiles) character file.

32 rlgrobin the Insei (level 3, -5/29 HPs)
             Began as a Mummy Monk on May 2, 2017.
             Slain by a gnoll
             ... wielding a +0 spear
              (6 damage)
             ... on level 1 of the Dungeon.
             The game lasted 00:02:51 (2274 turns).

rlgrobin the Insei (Mummy Monk)                     Turns: 2274, Time: 00:02:51

Health: -5/29      AC:  0    Str: 14    XL:     3   Next: 10%
Magic:  3/3        EV: 13    Int:  9    God:
Gold:   79         SH:  0    Dex: 15    Spells: 0 memorised, 2 levels left

rFire  x . .     SeeInvis .       - Unarmed
rCold  + . .     Clarity  .     (no armour)
rNeg   + + +     SustAt   .     (no shield)
rPois  ∞         Gourm    .     (no helmet)
rElec  .         Spirit   .     (no cloak)
rCorr  .         Warding  .     c - +1 pair of gloves
rMut   .         Stasis   .     (no boots)
MR     .....                    (no amulet)
Stlth  ++........               a - -2 ring of protection (curse)
                                (no ring)

@: not resistant to hostile enchantments, unstealthy
A: no food or potions, fire vulnerability, cold resistance 1, negative energy
resistance 3, torment resistance, unbreathing
a: no special abilities


You were on level 1 of the Dungeon.
You were not hungry.

You visited 1 branch of the dungeon, and saw 2 of its levels.

You collected 79 gold pieces.


Innate Abilities, Weirdness & Mutations

You do not eat or drink.
Your flesh is vulnerable to fire.
You are immune to poison.
Your flesh is cold resistant.
You are immune to negative energy.
You are immune to unholy pain and torment.
You can survive without breathing.


   Skills:
 - Level 3.0 Fighting
 - Level 2.4 Dodging
 - Level 1.5 Stealth
 + Level 4.1 Unarmed Combat


You had 2 spell levels left.
You didn't know any spells.

Inventory:

Armour
 c - a +1 pair of gloves (worn)
Jewellery
 a - a cursed -2 ring of protection (right hand)
Scrolls
 b - a scroll of immolation {unknown}
 d - a scroll of magic mapping {unknown}
 e - a scroll of identify {unknown}

Dungeon Overview and Level Annotations

Branches:
Dungeon (2/15)

Altars:
Fedhas
Okawaru
Qazlal

Annotations:
D:2 exclusion: adder

.....▒▒ ▒....†......▒▒▒.▒▒
......▒▒ ▒▒▒ ▒▒▒..†...†.......
.......▒▒▒.▒▒ ▒▒........▒▒..▒
.......▒▒...▒ ▒▒▒▒..▒..▒▒.▒▒
.......▒▒...▒ ▒.....▒..▒
.(..........▒▒▒▒▒▒▒▒.▒...▒.▒▒▒
.).........>.g.......▒▒....).▒▒
.......▒....▒▒▒▒▒g..▒▒..▒.▒▒†.▒▒▒
....).▒▒▒...▒...M.▒..▒..▒.▒▒▒...▒
.....▒▒ ▒.....▒▒▒▒▒▒......▒▒▒....
▒▒▒▒▒▒ ▒.....▒ .......>.▒▒.....
▒▒..▒.....▒▒▒▒........▒▒▒
▒▒.▒▒.▒. .....▒▒▒▒..g... ▒.▒
......... ▒.▒▒▒▒. .▒ ....... ▒.▒
▒▒ .▒ ..... ▒.▒ .... ▒.▒


You could see a gnoll.


Message History

The gnoll shouts!!!
You swing at nothing!
You swing at nothing!
You swing at nothing!
You swing at nothing!
You pummel the gnoll like a punching bag!!!
The gnoll is heavily wounded!
The gnoll hits you with a spear!
You take 4 damage, and have 25/29 hp!
You pummel the gnoll but do no damage!
The gnoll is heavily wounded!
The gnoll hits you with a spear!!!
You take 7 damage, and have 18/29 hp!
MASSIVE DAMAGE!!!!!!
You pummel the gnoll like a punching bag!
The gnoll is almost dead!
The gnoll misses you!
You pulverise the gnoll!
The gnoll is almost dead!
The gnoll hits you with a spear!!! * * * don't die
* * * You take 10 damage, and have 8/29 hp!
MASSIVE DAMAGE!!!!!!
You barely miss the gnoll!
The gnoll is almost dead!
The gnoll hits you with a spear!!! * * * don't die
* * * You take 7 damage, and have 1/29 hp!
MASSIVE DAMAGE!!!!!!
You squash the gnoll but do no damage!
The gnoll is almost dead!
The gnoll hits you with a spear! rip

Action                   || total
-------------------------++-------
Melee: Unarmed           ||   121
 Stab: Sleeping          ||     3

Vault maps used:
D:1:      kilobyte_arrival_exit_the_forest
D:2:      overflow_temple_1_default, gammafunk_temple_overflow_statue

Notes
Turn   | Place    | Note
--------------------------------------------------------------
     0 | D:1      | rlgrobin the Mummy Monk began the quest for the Orb.
     0 | D:1      | Reached XP level 1. HP: 18/18 MP: 1/1
   514 | D:1      | Reached XP level 2. HP: 21/24 MP: 2/2
   858 | D:2      | Found a blossoming altar of Fedhas.
  1449 | D:2      | Found a stormy altar of Qazlal.
  1450 | D:2      | Found an iron altar of Okawaru.
  1467 | D:2      | Reached skill level 4 in Unarmed Combat
  1988 | D:2      | Reached XP level 3. HP: 24/29 MP: 3/3
  2273 | D:1      | HP: 1/29 [gnoll/spear (7)]
  2274 | D:1      | Slain by a gnoll

Vanquished Creatures
  A giant gecko (D:2)
  3 giant cockroaches
  A goblin (D:2)
  6 hobgoblins
  5 kobolds
  2 bats (D:1)
  3 giant newts
  9 rats
30 creatures vanquished.
